 Dungeon Crawl Stone Soup version 0.27.0-66-gdc8fb28755 (webtiles) character file.

Game seed: 9023392905000013319

26 ZARRMARR the Skirmisher (level 2, -1/26 HPs)
             Began as a Palentonga Abyssal Knight on Aug 20, 2021.
             Was a Follower of Lugonu.
             Slain by a goblin (3 damage)
             ... led by Robin
             ... on level 2 of the Dungeon.
             The game lasted 00:05:06 (954 turns).

ZARRMARR the Skirmisher (Palentonga Abyssal Knight)  Turns: 954, Time: 00:05:07

Health: -1/26      AC:  6    Str: 15    XL:     2   Next: 89%
Magic:  3/3        EV:  8    Int: 12    God:    Lugonu [*.....]
Gold:   5          SH:  0    Dex:  9    Spells: 1/1 levels left

rFire    . . .     SeeInvis +     - Unarmed
rCold    . . .     Faith    .   (no shield)
rNeg     . . .     Spirit   .   d - +1 ring mail
rPois    .         Reflect  .   (no helmet)
rElec    .         Harm     .   (no cloak)
rCorr    .         Rampage  .   (no gloves)
Will     .....                  (no barding)
Stlth    ..........             (no amulet)
HPRegen  0.08/turn              (no ring)
MPRegen  0.08/turn              (no ring)

@: no status effects
A: large, rugged brown scales 3, see invisible, deformed body, roll 1, armoured
tail
a: Rolling Charge, Renounce Religion, Depart the Abyss


You were on level 2 of the Dungeon.
You worshipped Lugonu.
Lugonu was aware of your devotion.
You visited 1 branch of the dungeon, and saw 2 of its levels.
You visited the Abyss 1 time.

You collected 5 gold pieces.

Inventory:

Armour
 d - a +1 ring mail (worn)
Scrolls
 g - a scroll of brand weapon {unknown}
Potions
 a - a potion of attraction {unknown}
 b - a potion of mutation {unknown}
 h - a potion of flight {unknown}


   Skills:
 + Level 3.7 Fighting
 + Level 1.8 Armour
 + Level 0.7 Dodging
 + Level 2.3 Unarmed Combat
 + Level 2.1 Invocations


You had one spell level left.
You didn't know any spells.
Your spell library was empty.

Dungeon Overview and Level Annotations

Branches:
Dungeon (2/15)

Altars:

Shops:
D:1 ?

Annotations:
D:2 Robin


Innate Abilities, Weirdness & Mutations

You are completely covered in rugged brown scales. (AC +3, +7% HP)
You have supernaturally acute eyesight. (SInv)
Armour fits poorly on your strangely shaped body.
You can roll at nearby foes to attack.
You have a long armoured tail.


Message History

You hit the hobgoblin but do no damage. You tail-slap the hobgoblin.
You kill the hobgoblin!
Lugonu accepts your kill. The jackal bites you.
The goblin hits you with a +0 dagger.
You hit the jackal.
The jackal is heavily wounded.
The goblin hits you but does no damage.
The jackal bites you but does no damage.
You hit the jackal.
Your tail-slap misses the jackal.
The jackal is severely wounded.
The goblin hits you with a +0 dagger. The goblin hits you with a +0 club.
* * * LOW HITPOINT WARNING * * *
The jackal bites you.
* * * LOW HITPOINT WARNING * * *
You hit the jackal.
The jackal is almost dead.
The jackal bites you but does no damage.
The goblin closely misses you. x2
The jackal bites you but does no damage.
You closely miss the jackal.
The jackal is almost dead.
The goblin closely misses you. The goblin barely misses you.
The jackal bites you.
* * * LOW HITPOINT WARNING * * *
You hit the jackal but do no damage.
The jackal is almost dead.
The goblin hits you with a +0 dagger.
* * * LOW HITPOINT WARNING * * *
The jackal bites you but does no damage.
The goblin closely misses you.
Unknown command.
You hit the jackal.
You kill the jackal!
Lugonu accepts your kill. The goblin barely misses you. x2
You hit the goblin.
You kill the goblin!
Lugonu accepts your kill. The goblin hits you with a +0 dagger.
You die...

≈#...<......#
...........##
!..........#
...l......#
ggggr....#


SgJhg...# #)ghg.... #@# #g#### #(...# ####.# #.# #.# #<# ### You could see an
endoplasm, 2 jackals, 3 hobgoblins, 6 goblins, a ball python, a frilled lizard
and a rat.

Vanquished Creatures
  6 ball pythons (D:1)
  3 bats (D:1)
  A giant cockroach (D:1)
  5 goblins
  A hobgoblin (D:2)
  A jackal (D:2)
  3 kobolds (D:1)
  A quokka (D:1)
  3 rats (D:1)
24 creatures vanquished.

Notes
Turn   | Place    | Note
-------+----------+-------------------------------------------
     0 | Abyss:1  | ZARRMARR the Palentonga Abyssal Knight began the quest for
                  | the Orb.
     0 | Abyss:1  | Reached XP level 1. HP: 19/19 MP: 2/2
    22 | Abyss:1  | Noticed a shadow dragon simulacrum
    24 | D:1      | Escaped the Abyss
    59 | D:1      | Found a faded altar of an unknown god.
   280 | D:1      | Reached * piety under Lugonu
   287 | D:1      | Reached XP level 2. HP: 22/25 MP: 3/3
   546 | D:1      | Found Fufaevy's Magic Scroll Emporium.
   938 | D:2      | Noticed Robin
   954 | D:2      | Slain by a goblin

Illustrated notes

Levels and vault maps discovered:
D:1:      mrwooster_arrival_statue_2, layout_loops_cross,
          shapermc_ecumenical_altar_totnotflames, serial_shops,
          nicolae_square_shop
D:2:      layout_basic, basic_altar, minmay_misc_feat_roman, solitary_fountain,
          kennysheep_doodads, uniq_robin

Action                   || total
-------------------------++-------
Melee: Unarmed           ||    66
       Tailslap          ||     5
Invok: Depart the Abyss  ||     1
 Abil: Rolling Charge    ||    10
  Use: Scroll            ||     3
Armor: Ring mail         ||    33
Dodge: Dodged            ||    20
